 Dungeon Crawl Stone Soup version 0.21-a0-128-gf2b353c (webtiles) character file.

8100 Lianjan the Geomancer (level 11, -1/83 (84) HPs)
             Began as a Pale Draconian Earth Elementalist on July 17, 2017.
             Was a Priest of Hepliaklqana.
             Succumbed to a hornet's poison
             ... while paralysed by a hornet
             ... on level 10 of the Dungeon.
             The game lasted 00:31:04 (12228 turns).

Lianjan the Geomancer (DrEE)                       Turns: 12228, Time: 00:31:04

HP:   -1/83 (84)    AC:  7    Str: 16    XL:     11   Next: 5%
MP:   11/21         EV:  2    Int: 23    God:    Hepliaklqana [***...]
Gold: 598           SH:  0    Dex: 12    Spells: 2/24 levels left

rFire    . . .     SeeInvis .   A - +1 quarterstaff of the Rattle-Snake {drain, +Inv Int+4}
rCold    . . .     Gourm    .   (shield currently unavailable)
rNeg     . . .     Faith    .   (armour unavailable)
rPois    .         Spirit   .   (helmet restricted)
rElec    .         Reflect  .   (no cloak)
rCorr    .         Harm     .   (no gloves)
MR       .....                  (no boots)
Stlth    ++........             (no amulet)
HPRegen  0.23/turn              y - +6 ring of strength
MPRegen  0.17/turn              (no ring)

@: paralysed, lethally poisoned (-1 -> -33), slowed
A: breathe steam, unfitting armour, reduced essence, cold-blooded, AC +7
a: Breathe Steam, Recall Ancestor, Ancestor Identity, Transference, Renounce
Religion, Evoke Invisibility


You were on level 10 of the Dungeon.
You worshipped Hepliaklqana.
Hepliaklqana was most pleased with you.
You were not hungry.

You visited 1 branch of the dungeon, and saw 10 of its levels.
You also visited: Sewer.

You collected 598 gold pieces.

Inventory:

Hand Weapons
 A - the +1 quarterstaff of the Rattle-Snake (weapon) {drain, +Inv Int+4}
   (You found it on level 4 of the Dungeon)

   A truly terrible weapon, it drains the life of those it strikes.
   It affects your intelligence (+4).
   It lets you turn invisible.
Missiles
 b - 119 stones (quivered)
Magical Staves
 C - an uncursed staff of poison {unknown}
Jewellery
 r - an uncursed amulet of rage {unknown}
 x - a +3 amulet of reflection {unknown}
 y - a +6 ring of strength (left hand)
 O - an uncursed ring of protection from cold {unknown}
Wands
 q - a wand of random effects (20/48)
 G - a wand of clouds (2/9)
 M - a wand of scattershot (2/9)
 N - a wand of acid (8/15)
 P - a wand of flame (21/48)
 S - a wand of flame (39/48)
 T - a wand of lightning (8/15)
Scrolls
 e - 9 scrolls of identify {unknown}
 f - 4 scrolls of amnesia
 j - 8 scrolls of remove curse
 l - 5 scrolls of fear {unknown}
 o - a scroll of enchant weapon
 p - 2 scrolls of fog
 z - 2 scrolls of noise {unknown}
 B - 3 scrolls of magic mapping
 E - 4 scrolls of recharging {unknown}
 F - a scroll of blinking {unknown}
 H - a scroll of enchant armour {unknown}
 I - a scroll of immolation {unknown}
 K - 2 scrolls of silence {unknown}
 Q - 2 scrolls of teleportation
Potions
 a - 4 potions of heal wounds
 i - 8 potions of might {unknown}
 k - 4 potions of lignification {unknown}
 n - 3 potions of haste
 s - a potion of invisibility {unknown}
 u - 5 potions of curing {unknown}
 v - 2 potions of brilliance {unknown}
 w - a potion of flight {unknown}
 D - 3 potions of magic {unknown}
 J - 2 potions of berserk rage {unknown}
 L - a potion of degeneration {unknown}
 R - a potion of resistance {unknown}
Books
 d - a book of Geomancy

   Spells                             Type                      Level
   a - Sandblast                      Earth                        1
   b - Passwall                       Transmutation/Earth          2
   c - Stone Arrow                    Conjuration/Earth            3
   d - Petrify                        Transmutation/Earth          4
   e - Lee's Rapid Deconstruction     Earth                        5
 t - a book of Necromancy

   Spells                             Type                      Level
   a - Pain                           Necromancy                   1
   b - Animate Skeleton               Necromancy                   1
   c - Vampiric Draining              Necromancy                   3
   d - Regeneration                   Charms/Necromancy            3
   e - Animate Dead                   Necromancy                   4
   f - Control Undead                 Necromancy                   4
Comestibles
 c - 6 bread rations
 g - 4 royal jellies
 h - 8 meat rations
 m - 5 fruits


   Skills:
 + Level 7.9 Fighting
 + Level 6.8 Staves
 + Level 5.2 Dodging
 - Level 1.7 Stealth
 + Level 7.0 Spellcasting
 - Level 1.0 Transmutations
 * Level 10.9 Earth Magic


You had 2 spell levels left.
You knew the following spells:

 Your Spells              Type           Power        Failure   Level  Hunger
a - Sandblast             Erth           ######       1%          1    None
b - Stone Arrow           Conj/Erth      ####..       2%          3    None
c - Passwall              Tmut/Erth      #####.....   1%          2    None
d - Animate Skeleton      Necr           N/A          8%          1    None
e - Lee's Rapid Deconstr  Erth           ######....   2%          5    #####..
f - Petrify               Tmut/Erth      #####...     7%          4    ###....
g - Regeneration          Chrm/Necr      #.........   22%         3    None
h - Vampiric Draining     Necr           #.........   22%         3    None


Dungeon Overview and Level Annotations

Branches:
Dungeon (10/15)            Temple (0/1) D:4
   Lair: D:8-11         Orc: D:9-12

Altars:
Cheibriados
Dithmenos
Elyvilon
Hepliaklqana
Kikubaaqudgha
Makhleb
Ru
Trog
Vehumet
Xom
Zin


Innate Abilities, Weirdness & Mutations

You can breathe blasts of scalding, opaque steam.
Your pale cyan-grey scales are hard. (AC +7)
You cannot fit into any form of body armour.
You are cold-blooded and may be slowed by cold attacks.
Your life essence is reduced to manifest your ancestor. (-10% HP)


Message History

The hornet is almost dead.
You feel sick. The hornet stings you!
You are more poisoned.
You feel as though you will be slow longer.
The worker ant bites you.
Izel closely misses the worker ant.
The hornet stings you!
You are more poisoned.
You suddenly lose the ability to move!
You feel sick. The hornet stings you!!
* * * LOW HITPOINT WARNING * * *
You feel as though you will be slow longer.
The worker ant bites you but does no damage.
Izel hits the worker ant with a dagger of draining.
The worker ant bites you.
* * * LOW HITPOINT WARNING * * *
The hornet stings you!
* * * LOW HITPOINT WARNING * * *
You are more poisoned.
You feel as though you will be slow longer.
You die...

####.###.....#.##........... #.#
##<...#.##..#.##.#.## #.#
####.#.......##.#.# #.#
#.####.)#.#..... #.# #.##
#.........## #.# ##
##.###.......... .#######.# ##y#
#......#.._.....
.......<.###(#y##.###.##........
#######....##.#@#..............
##...#.#a##..............
#...##R#.#####.#######.
###.##.### #........ #...#..#
######### #.....## #######


You could see the friendly Izel the hexer, 2 hornets and a worker ant.

Vanquished Creatures
  Erica (D:10)
  A two-headed ogre (D:9)
  Psyche (D:9)
  A hornet (D:9)
  The ghost of rin1221 the Ogre Mage, an amateur OgWz (Sewer)
  3 yaks (D:9)
  An acid dragon (D:9)
  Duvessa (D:7)
  2 water moccasins
  A sky beast (D:5)
  2 ice beasts
  2 phantoms
  4 orc warriors
  3 ogres
  2 centaurs
  7 bullfrogs
  Dowan (D:7)
  3 scorpions
  A wight (D:10)
  2 killer bees (D:8)
  4 howler monkeys
  3 jellies
  A bullfrog zombie (D:6)
  4 crimson imps
  A centaur skeleton (D:4)
  7 hounds
  A bullfrog skeleton (D:7)
  7 orc priests
  8 orc wizards
  An iguana (D:4)
  An iron imp (D:5)
  3 worker ants
  A killer bee zombie (D:7)
  A howler monkey zombie (D:5)
  4 gnolls (D:9)
  5 river rats
  14 adders
  5 shadow imps
  An ooze (D:1)
  An adder skeleton (D:4)
  A worm (D:2)
  2 dart slugs
  7 leopard geckos
  25 orcs
  10 ball pythons
  7 bats
  5 giant cockroaches
  10 goblins
  2 hobgoblins
  6 jackals
  10 kobolds
  5 quokkas
  10 frilled lizards
  A leopard gecko zombie (D:5)
  A quokka skeleton (D:4)
  28 rats
243 creatures vanquished.

Vanquished Creatures (collateral kills)
  A hornet (D:9)
  A hippogriff (D:9)
  A yak (D:8)
  A black bear (D:10)
  A necrophage (D:7)
  2 ogres
  A phantom (D:4)
  3 bullfrogs
  A scorpion (D:7)
  2 killer bees (D:8)
  A howler monkey (D:8)
  A crimson imp (D:10)
  2 orc priests (D:8)
  A bullfrog skeleton (D:6)
  2 orc wizards
  A worker ant zombie (D:5)
  2 adders
  A shadow imp (D:6)
  An ooze (Sewer)
  An adder zombie (D:9)
  A worm (D:5)
  A ball python (Sewer)
  2 bats
  2 quokkas
  6 rats (Sewer)
39 creatures vanquished.

Vanquished Creatures (others)
  A hexer (D:7)
  3 ancestors
  A river rat (Sewer)
  A rat (Sewer)
6 creatures vanquished.

Grand Total: 288 creatures vanquished

Notes
Turn   | Place    | Note
-------+----------+-------------------------------------------
     0 | D:1      | Lianjan the Draconian Earth Elementalist began the quest for the Orb.
     0 | D:1      | Reached XP level 1. HP: 14/14 MP: 3/3
   465 | D:1      | Reached XP level 2. HP: 20/20 MP: 3/5
  1165 | D:2      | Reached XP level 3. HP: 26/26 MP: 4/6
  1170 | D:2      | Learned a level 3 spell: Stone Arrow
  1173 | D:2      | Learned a level 2 spell: Passwall
  1200 | D:2      | Reached skill level 4 in Earth Magic
  1906 | D:2      | Reached XP level 4. HP: 29/33 MP: 8/8
  2306 | D:2      | Found a hazy altar of Hepliaklqana.
  2306 | D:2      | Found a glowing silver altar of Zin.
  2311 | D:2      | Found a faded altar of an unknown god.
  2313 | D:2      | Found a faded altar of an unknown god.
  2315 | D:2      | Found a shadowy altar of Dithmenos.
  2327 | D:2      | Became a worshipper of Hepliaklqana the Forgotten
  2417 | D:2      | Reached skill level 1 in Fighting
  2580 | D:3      | Found a burning altar of Makhleb.
  2695 | D:3      | Found a shimmering altar of Xom.
  2802 | D:3      | Found an ancient bone altar of Kikubaaqudgha.
  2806 | D:3      | Reached XP level 5. HP: 32/36 MP: 9/9
  3092 | D:4      | Reached * piety under Hepliaklqana
  3225 | D:4      | Reached skill level 5 in Earth Magic
  3509 | D:4      | Got a steaming quarterstaff
  3510 | D:4      | Identified the cursed +1 quarterstaff of the Rattle-Snake {drain, +Inv Int+4} (You found it on level 4 of the Dungeon)
  3520 | D:4      | Noticed a phantom
  3536 | D:4      | Killed a phantom
  3536 | D:4      | Reached XP level 6. HP: 11/45 MP: 6/11
  3911 | D:4      | Found a staircase to the Ecumenical Temple.
  4014 | D:4      | Reached skill level 1 in Staves
  4482 | D:5      | Entered Level 5 of the Dungeon
  4482 | D:5      | Found a bloodstained altar of Trog.
  4484 | D:5      | Reached skill level 6 in Earth Magic
  4484 | D:5      | Your scales start taking on a pale cyan-grey colour.
  4484 | D:5      | Reached XP level 7. HP: 51/51 MP: 9/12
  4562 | D:5      | Learned a level 1 spell: Animate Skeleton
  4568 | D:5      | Learned a level 5 spell: Lee's Rapid Deconstruction
  4648 | D:5      | Found a glowing drain.
  4658 | Sewer    | Entered a sewer
  4763 | Sewer    | Noticed rin1221's ghost (amateur OgWz)
  4963 | Sewer    | Killed rin1221's ghost
  5145 | Sewer    | Reached skill level 7 in Earth Magic
  5145 | Sewer    | Reached XP level 8. HP: 40/59 MP: 6/14
  5929 | D:5      | Found a snail-covered altar of Cheibriados.
  6443 | D:6      | Found a white marble altar of Elyvilon.
  6789 | D:6      | Reached skill level 5 in Spellcasting
  6805 | D:6      | Reached skill level 5 in Fighting
  6808 | D:6      | Reached skill level 8 in Earth Magic
  7220 | D:6      | Reached ** piety under Hepliaklqana
  7222 | D:6      | Remembered your ancestor Izel as a hexer
  7235 | D:6      | Found a radiant altar of Vehumet.
  7409 | D:7      | Reached XP level 9. HP: 65/65 MP: 16/16
  7781 | D:7      | Learned a level 4 spell: Petrify
  7820 | D:7      | You fall through a shaft!
  8680 | D:7      | Noticed Duvessa
  8680 | D:7      | Noticed Dowan
  8684 | D:7      | Killed Duvessa
  8684 | D:7      | Reached skill level 9 in Earth Magic
  8686 | D:7      | Killed Dowan
  8686 | D:7      | Reached skill level 5 in Staves
  9361 | D:8      | Reached *** piety under Hepliaklqana
  9472 | D:8      | Found a sacrificial altar of Ru.
  9553 | D:8      | Reached XP level 10. HP: 63/74 MP: 16/19
 10527 | D:9      | Noticed Psyche
 10532 | D:9      | Killed Psyche
 10532 | D:9      | Reached skill level 10 in Earth Magic
 10535 | D:9      | Noticed a two-headed ogre
 10549 | D:9      | Killed a two-headed ogre
 10747 | D:9      | Paralysed by a hornet for 3 turns
 11317 | D:9      | Reached skill level 5 in Dodging
 11465 | D:9      | Learned a level 3 spell: Regeneration
 11469 | D:9      | Learned a level 3 spell: Vampiric Draining
 11861 | D:10     | Entered Level 10 of the Dungeon
 11981 | D:10     | Found a radiant altar of Vehumet.
 11981 | D:10     | Noticed Erica
 11989 | D:10     | Killed Erica
 11989 | D:10     | Reached XP level 11. HP: 42/83 MP: 7/21
 12226 | D:10     | Paralysed by a hornet for 3 turns
 12227 | D:10     | HP: 1/83 [hornet (12)]
 12228 | D:10     | Succumbed to a hornet's poison

Vault maps used:
D:1:      lemuel_arrival_funnel
D:2:      chequers_temple_overflow_minitemple, serial_co_window_serial,
          co_window_paths_a, co_window_paths_a, co_window_corner_a,
          co_window_of_opportunity_a, co_window_cross_1, co_window_broadway_b,
          co_window_paths_c, co_window_broadway_b, co_window_sun,
          glass_columns_b, glass_columns_a, glass_columns_b, glass_columns_a,
          first_bread
D:3:      makhleb_heckhound_becter, kiku_gazebo_pond_becter, lemuel_doored_altar
D:4:      kennysheep_spiral_hall, minmay_temple_entry_statues_pillars,
          minivault_25
D:5:      slow_altar_1, bloody_trog, cheibrodos_sewer_entry_sluice,
          kennysheep_another_room
D:6:      elyvilon_altar_5, marbit_many_paths
D:7:      cheibrodos_quashed, uniq_duvessa
D:8:      hangedman_ru_absence
D:9:      uniq_psyche
D:10:     erik_orc_3, basic_altar, hangedman_pestilent_swarm,
          grunt_ministairs_8, bh_chokoban, uniq_erica
Sewer:    sewer_minmay_w

Skill      XL: |  1  2  3  4  5  6  7  8  9 10 11 |
---------------+----------------------------------+-----
Earth Magic    | 4 5 6 7 8 9 10 | 10.9
Fighting       | 1 2 3 4 5 6 7 |  7.9
Spellcasting   | 3 4 5 6 7 |  7.0
Staves         | 1 2 4 5 6 |  6.8
Dodging        | 2 3 5 |  5.2
Stealth        | |  1.7
Transmutations | |  1.0

Action                   |  1- 3 |  4- 6 |  7- 9 | 10-12 || total
-------------------------+-------+-------+-------+-------++-------
Melee: Unarmed           |    15 |       |       |     5 ||    20
       Tailslap          |     5 |     9 |    22 |     9 ||    45
       Whip              |    42 |    85 |       |       ||   127
       Quarterstaff      |       |    43 |   203 |    66 ||   312
Throw: Stone             |       |       |       |     1 ||     1
 Cast: Sandblast         |    35 |    19 |    86 |    20 ||   160
       Stone Arrow       |       |       |    13 |    32 ||    45
       Lee's Rapid Decon |       |       |    11 |     8 ||    19
       Animate Skeleton  |       |       |       |     5 ||     5
       Petrify           |       |       |       |     1 ||     1
Invok: Recall Ancestor   |       |     1 |     2 |       ||     3
       Ancestor Life: He |       |       |     1 |       ||     1
 Abil: Breathe Steam     |       |       |     4 |     1 ||     5
  Use: Scroll            |       |       |     7 |       ||     7
       Potion            |       |       |     2 |       ||     2
 Stab: Sleeping          |     2 |     3 |     1 |     1 ||     7
       Distracted        |       |       |       |     1 ||     1
       Confused          |       |       |       |     1 ||     1
  Eat: Chunk             |     3 |     9 |    18 |    11 ||    41
       Fruit             |       |       |     2 |       ||     2
Armor: Skin              |    14 |    42 |    88 |    31 ||   175
Dodge: Dodged            |    49 |    95 |   210 |    66 ||   420
